 Dungeon Crawl Stone Soup version 0.31-a0-152-g6aa68a64a1 (webtiles) character file.

Game seed: 6102333720121530665

47 qw the Shooter (level 3, -1/22 HPs)
             Began as a Gargoyle Hunter on June 10, 2023.
             Slain by a goblin
             ... wielding a +0 club
             ... led by Robin
              (4 damage)
             ... on level 2 of the Dungeon.
             The game lasted 00:00:23 (1057 turns).

qw the Shooter (Gargoyle Hunter)                    Turns: 1057, Time: 00:00:23

Health: -1/22      AC:  7    Str: 14    XL:     3   Next: 70%
Magic:  3/3        EV: 11    Int:  9    God:
Gold:   24         SH:  0    Dex: 15    Spells: 2/2 levels left

rFire   . . .        Y - +0 shortbow
rCold   . . .        (shield currently unavailable)
rNeg    + . .        c - +0 leather armour
rPois   inf          (no helmet)
rElec   +            (no cloak)
rCorr   .            (no gloves)
SInv    .            g - +0 pair of boots
Will    .....        (no amulet)
Stlth   ++           (no ring)
HPRegen 0.23/turn    (no ring)
MPRegen 0.08/turn

%: no passive effects
@: no status effects
A: sickness immunity, AC +3, negative energy resistance 1, electricity
resistance, torment resistance 1, petrification resistance
a: no special abilities


You were on level 2 of the Dungeon.
You visited 1 branch of the dungeon, and saw 2 of its levels.

You collected 24 gold pieces.


Innate Abilities, Weirdness & Mutations

You are immune to sickness and miasma.
Your stone body is resilient. (AC +3)
You are immune to poison.
You resist negative energy. (rN+)
You are resistant to electric shocks. (rElec)
You are resistant to unholy torment.
You are immune to petrification.


   Skills:
 + Level 2.9 Fighting
 - Level 5.0 Ranged Weapons
 - Level 1.5 Dodging
 - Level 1.1 Stealth


You had 2 spell levels left.
You didn't know any spells.
Your spell library was empty.

Inventory:

Hand Weapons
 Y - a +0 shortbow (weapon)
Armour
 c - a +0 leather armour (worn)
 g - a +0 pair of boots (worn)
Scrolls
 b - a scroll of fear {unknown}
 f - a scroll of identify {unknown}
Potions
 a - a potion of mutation {unknown}
 d - a potion of berserk rage {unknown}
 e - 2 potions of heal wounds {unknown}
 h - a potion of curing {unknown}
 i - a potion of degeneration {unknown}

Dungeon Overview and Level Annotations

Branches:
Dungeon (2/15)

Altars:

Annotations:
D:2 Robin


Message History

You shoot an arrow. The arrow barely misses the goblin.
A goblin comes into view. It is wielding a +0 club.
The goblin closely misses you.
A hobgoblin comes into view.
You shoot an arrow. The arrow hits the goblin.
The goblin is heavily wounded.
The goblin closely misses you. The goblin hits you with a +0 dagger.
Robin throws the goblin at you! The goblin hits you but does no damage.
The goblin closely misses you.
Robin says, "Kneel, worm!"
The goblin barely misses you.
You shoot an arrow. The arrow hits the goblin.
You kill the goblin!
Robin barely misses you.
A hobgoblin comes into view.
The goblin hits you but does no damage. The goblin closely misses you.
You shoot an arrow. The arrow barely misses the goblin.
The goblin hits you with a +0 club. Robin closely misses you.
The goblin hits you but does no damage.
You shoot an arrow. The arrow hits the goblin.
You kill the goblin!
Robin closely misses you. The goblin barely misses you. x2
You shoot an arrow. The arrow hits the goblin!
You kill the goblin!
The goblin hits you with a +0 club.
Robin roars a battlecry!
The hobgoblins go into a battle-frenzy!
You shoot an arrow. The arrow hits the hobgoblin.
The hobgoblin is almost dead.
The goblin closely misses you. Robin hits you but does no damage.
You shoot an arrow. The arrow hits the hobgoblin.
You kill the hobgoblin!
The goblin barely misses you. Robin closely misses you.
Robin hits you but does no damage. The goblin hits you with a +0 club.
You shoot an arrow. The arrow hits the hobgoblin.
The hobgoblin is almost dead.
The goblin no longer looks unusually strong.
The hobgoblin hits you but does no damage.
The goblin hits you with a +0 club.
You die...

.. .# .. .# #.
.# #
###.#####.##.##
...............
#...)g)..#.#
####..##@gg...#
#.......%#..###
.##.##..#### .#
........####..#
######........#
### #...#######
..##### #...#
%.....# #...#
...>#.# #...#


You could see Robin, a hobgoblin (strong) and a goblin.

Vanquished Creatures
  4 endoplasms
  4 giant cockroaches (D:1)
  7 goblins
  9 hobgoblins
  5 kobolds
  A quokka (D:1)
  2 ball pythons (D:1)
  2 bats
  3 frilled lizards
  A rat (D:1)
38 creatures vanquished.

Notes
Turn   | Place    | Note
-------+----------+-------------------------------------------
     0 | D:1      | qw the Gargoyle Hunter began the quest for the Orb.
     0 | D:1      | Reached XP level 1. HP: 12/12 MP: 1/1
     0 | D:1      | 0 ||| qw: Version: 0.2-a-29-g0080da8
     0 | D:1      | 0 ||| qw: Game counter: 3846
     0 | D:1      | 0 ||| qw: Always use a shield: true
     0 | D:1      | 0 ||| qw: God list: Okawaru
     0 | D:1      | 0 ||| qw: Allow faded altars: false
     0 | D:1      | 0 ||| qw: Do Orc after D:15 true
     0 | D:1      | 0 ||| qw: Do second Lair branch before Depths: true
     0 | D:1      | 0 ||| qw: Lair rune preference: random
     0 | D:1      | 0 ||| qw: Plans: Normal, Zot:1-4, Slime:5, God:TSO, Crypt,
                  | Tomb, Abyss, Pan, Hells, Win
     0 | D:1      | 0 ||| PLANNING D:1-11
   175 | D:1      | Reached XP level 2. HP: 17/17 MP: 2/2
   480 | D:1      | Reached XP level 3. HP: 21/21 MP: 3/3
   619 | D:1      | Reached skill level 5 in Ranged Weapons
   820 | D:1      | 820 ||| UPGRADING to +0 pair of boots.
   825 | D:1      | 825 ||| READING scroll labelled PUSETE XOMUSO.
   830 | D:1      | 830 ||| READING scroll labelled HAGIPE HUSEDGH.
   831 | D:1      | 831 ||| DROPPING scroll of butterflies.
   851 | D:2      | 851 ||| STAIRDANCE
  1045 | D:2      | Noticed Robin
  1056 | D:2      | HP: 2/22 [goblin/+0 club[Robin] (5)]
  1057 | D:2      | Slain by a goblin

Levels and vault maps discovered:
D:1:      minmay_arrival_loop, layout_basic, chequers_mini_garden
D:2:      layout_loops_cross, uniq_robin, uniq_sigmund

Skill      XL: |  1  2  3 |
---------------+----------+-----
Ranged Weapons | 5 |  5.0
Fighting       | |  2.9
Dodging        | |  1.5
Stealth        | |  1.1

Action                     || total
---------------------------++-------
   Fire: Shortbow          ||    92
    Use: Scroll            ||     2
 Armour: Leather armour    ||    18
  Dodge: Dodged            ||    39

Table legend:
 A = Non-vault XP
 B = Vault XP
 C = Vault XP percentage of total XP
 D = Non-vault monster count
 E = Vault monster count
 F = Vault count percentage of total count
                 A         B        C        D         E       F
            +---------+---------+-------+---------+---------+-------
      Total |      57 |      11 |  16.2 |      32 |       6 |  15.8
            +---------+---------+-------+---------+---------+-------
        D:1 |      44 |       0 |   0.0 |      25 |       0 |   0.0
        D:2 |      13 |      11 |  45.8 |       7 |       6 |  46.2
            +---------+---------+-------+---------+---------+-------
